 Dungeon Crawl Stone Soup version 0.27-a0-906-g0a00ce863d (webtiles) character file.

Game seed: 17601617666676646662

2205 kae the Ruffian (level 9, -2/67 HPs)
             Began as a Demonspawn Transmuter on Apr 6, 2021.
             Was a Follower of Wu Jian.
             Succumbed to a hornet's poison
             ... on level 7 of the Dungeon.
             The game lasted 00:06:39 (9165 turns).

kae the Ruffian (Demonspawn Transmuter)             Turns: 9165, Time: 00:06:40

Health: -2/67      AC:  2    Str: 14    XL:     9   Next: 12%
Magic:  21/24      EV: 41    Int: 15    God:    Wu Jian [*.....]
Gold:   121        SH:  4    Dex: 18    Spells: 4/17 levels left

rFire    + + .     SeeInvis .     - Unarmed
rCold    . . .     Faith    .   (shield currently unavailable)
rNeg     . . .     Spirit   .   (armour currently unavailable)
rPois    x         Reflect  .   (helmet currently unavailable)
rElec    .         Harm     .   (cloak currently unavailable)
rCorr    .         Rampage  .   (gloves currently unavailable)
Will     .....                  (boots currently unavailable)
Stlth    ++........             x - amulet of the acrobat
HPRegen  0.21/turn              e - ring "Imukis" {rF++ EV+4}
MPRegen  0.19/turn              a - ring of magical power

@: lethally poisoned (-2 -> -10), spider-form (expiring), acrobatic
A: venomous fangs, tiny, (claws 1), rugged brown scales 1, powered by death 2,
condensation shield
a: End Transformation, Renounce Religion


You were on level 7 of the Dungeon.
You worshipped Wu Jian.
Wu Jian was aware of your devotion.
You were a venomous arachnid creature.
You visited 2 branches of the dungeon, and saw 8 of its levels.

You collected 297 gold pieces.
You spent 176 gold pieces at shops.

Inventory:

Armour
 b - a +0 cloak (melded)
 l - a +0 pair of gloves (melded)
 p - a +2 robe of positive energy (melded)
 u - a +1 pair of boots (melded)
Jewellery
 a - a ring of magical power (right front leg)
 e - the ring "Imukis" (left front leg) {rF++ EV+4}
   (You found it on level 5 of the Dungeon)

   [ring of evasion]

   It affects your evasion (+4).
   It greatly protects you from fire.
 x - an amulet of the acrobat (around neck)
Wands
 o - a wand of iceblast (5)
 v - a wand of acid (9)
 y - a wand of polymorph (9)
Scrolls
 c - 2 scrolls of teleportation
 f - a scroll of enchant armour
 i - a scroll of enchant weapon
 r - 2 scrolls of vulnerability
 s - 2 scrolls of immolation
Potions
 d - 2 potions of magic
 g - a potion of attraction
 h - 5 potions of heal wounds {unknown}
 j - 4 potions of curing
 k - a potion of flight
 m - a potion of haste
 n - a potion of invisibility
 q - a potion of resistance
 t - a potion of mutation
 w - a potion of degeneration {unknown}


   Skills:
 + Level 4.5 Fighting
 + Level 4.4 Dodging
 * Level 6.5 Unarmed Combat
 + Level 4.6 Spellcasting
 * Level 6.1 Transmutations


You had 4 spell levels left.
You knew the following spells:

 Your Spells              Type           Power      Damage    Failure   Level
a - Beastly Appendage     Tmut           42%        N/A       6%          1
b - Spider Form           Tmut/Pois      6%         N/A       32%         3
c - Ice Form              Ice/Tmut       12%        N/A       65%         4
d - Hydra Form            Tmut           10%        N/A       58%         5

Your spell library contained the following spells:

 Spells                   Type           Power      Damage    Failure   Level
 Wereblood                Tmut           21%        N/A       8%          2
 Animate Skeleton         Necr           6%         N/A       36%         1
 Pain                     Necr           12%        1d4       36%         1
 Vampiric Draining        Necr           1%         2d6       67%         3
 Animate Dead             Necr           1%         N/A       95%         4
 Agony                    Necr           3%         N/A       100%        5


Dungeon Overview and Level Annotations

Branches:
Dungeon (7/15)             Temple (1/1) D:6

Altars:
Ashenzari
Cheibriados
Dithmenos
Elyvilon
Fedhas
Gozag
Hepliaklqana
Kikubaaqudgha
Makhleb
Okawaru
Qazlal
Trog
Uskayaw
Vehumet
Wu Jian
Xom
Yredelemnul
Zin
The Shining One

Shops:
D:1 :?   D:2 [   D:3 *

Annotations:
D:5 Dowan, Duvessa
D:7 3 runed translucent doors, stringoo's ghost, novice DsFi


Innate Abilities, Weirdness & Mutations

You are a venomous arachnid creature.
You have poisonous fangs.
You are tiny and dextrous.
Your spellcasting is less reliable in this form.
Your armour is entirely melded.
You are incapable of wielding weapons or throwing items.
((You have sharp fingernails.))
(You are partially covered in rugged brown scales. (AC +1, +3% HP))
You regenerate health from kills.
A meltable shield of frost defends you. (SH +4)


Message History

You turn into a venomous arachnid creature.
Your +0 cloak melds into your body.
Your +0 pair of gloves melds into your body.
Your +1 pair of boots melds into your body.
Your +2 robe of positive energy melds into your body.
You feel less protected from negative energy.
You block the hornet's attack. The hornet completely misses you.
You feel yourself speed up. The hornet completely misses you.
You block the hornet's attack.
Your magical contamination has completely faded away.
You hit the hornet but do no damage.
The hornet is poisoned.
The hornet is severely wounded.
The hornet stings you!!
You feel yourself slow down. The hornet stings you.
You are poisoned.
You suddenly lose the ability to move!
You feel very sick. The hornet stings you!
You shrug off the repeated paralysis!
You feel yourself speed up.
* * * LOW HITPOINT WARNING * * *
You feel very sick. The hornet stings you.
* * * LOW HITPOINT WARNING * * *
You feel yourself slow down.
The hornet stings you but does no damage.
You feel yourself speed up.
* * * LOW HITPOINT WARNING * * *
You feel very sick. The hornet stings you!
* * * LOW HITPOINT WARNING * * *
You feel yourself slow down.
You can move again.
You are too injured to fight recklessly!
You hit the hornet.
You kill the hornet!
The Council accepts your kill.
* * * LOW HITPOINT WARNING * * *
You feel very sick.
Your Transmutations skill increases to level 6!
Your transformation is almost over.
You feel yourself speed up.
You die...

.......##+###.###....#
.......'................
.......#................
.......#................
..[....#...###'##.....#
.......##..##..# .....#
####....#..##..##.....##
#....#...#...........
#....#[..#...s.......
#....#...#...........
#....# #...........
####....###########'####
............ ...
............ ...
............ ...
............ ...
###########+


There were no monsters in sight!

Vanquished Creatures
  Pikel (D:4)
  A hornet (D:7)
  A water moccasin (D:4)
  An ice beast (D:5)
  2 black bears
  An ogre (D:5)
  2 centaurs (D:6)
  A lemure (D:4)
  A kobold brigand (D:4)
  A gnoll sergeant (D:5)
  A water moccasin zombie (D:5)
  A water moccasin skeleton (D:6)
  A bullfrog zombie (D:6)
  3 orc priests
  2 jellies
  2 hounds (D:5)
  An iron imp (D:5)
  4 iguanas
  2 orc wizards
  A killer bee zombie (D:6)
  7 gnolls (D:5)
  13 adders
  A shadow imp (Temple)
  A white imp (D:6)
  2 worms (D:3)
  A dart slug (D:5)
  20 orcs
  3 endoplasms
  3 giant cockroaches
  4 hobgoblins
  6 jackals
  6 kobolds
  4 quokkas
  6 ball pythons
  4 bats
  2 frilled lizards
  7 goblins
  6 rats
126 creatures vanquished.

Vanquished Creatures (others)
  An orc (D:6)
  A fungus (D:7)
  3 plants (D:7)
5 creatures vanquished.

Grand Total: 131 creatures vanquished

Notes
Turn   | Place    | Note
-------+----------+-------------------------------------------
     0 | D:1      | kae the Demonspawn Transmuter began the quest for the Orb.
     0 | D:1      | Reached XP level 1. HP: 15/15 MP: 3/3
   541 | D:1      | Found Kisuitwe's Magic Scroll Emporium.
   799 | D:1      | Bought a scroll of identify for 22 gold pieces
   834 | D:1      | Gained mutation: You regenerate a little health from kills.
                  | [demonic ancestry]
   834 | D:1      | Reached XP level 2. HP: 19/21 MP: 3/5
   889 | D:1      | Found Zabbemn's Book Emporium.
  1624 | D:2      | Found a radiant altar of Vehumet.
  1629 | D:2      | Found Maretair's Armour Shoppe.
  1664 | D:2      | Gained mutation: You have sharp fingernails. [demonic
                  | ancestry]
  1664 | D:2      | Reached XP level 3. HP: 14/26 MP: 4/6
  2424 | D:2      | Reached XP level 4. HP: 33/33 MP: 7/7
  2594 | D:3      | Found a blossoming altar of Fedhas.
  2798 | D:3      | Found a faded altar of an unknown god.
  3124 | D:3      | HP: 1/33 [orc/+0 morningstar (12)]
  3414 | D:2      | Learned a level 3 spell: Spider Form
  3631 | D:3      | Gained mutation: You regenerate health from kills. [demonic
                  | ancestry]
  3631 | D:3      | Reached XP level 5. HP: 38/38 MP: 4/8
  4358 | D:3      | Found Xesoss's Assorted Antiques.
  4363 | D:3      | Bought a coppery potion for 18 gold pieces
  4363 | D:3      | Bought a fuming purple potion for 18 gold pieces
  4363 | D:3      | Bought a sedimented golden potion for 18 gold pieces
  4363 | D:3      | Bought 2 scrolls labelled ONUYWN NUAQUIS for 40 gold pieces
  4523 | D:4      | Noticed Pikel
  4523 | D:4      | Noticed a lemure
  4523 | D:4      | Noticed a lemure
  4523 | D:4      | Noticed a lemure
  4523 | D:4      | Noticed a lemure
  4533 | D:4      | Killed a lemure
  4550 | D:4      | Killed Pikel
  4551 | D:4      | Gained mutation: A meltable shield of frost defends you.
                  | (SH +4) [demonic ancestry]
  4551 | D:4      | Reached XP level 6. HP: 9/47 MP: 5/11
  4551 | D:4      | Gained mutation: You are partially covered in rugged brown
                  | scales. (AC +1, +3% HP) [demonic ancestry]
  4551 | D:4      | Reached XP level 7. HP: 9/53 MP: 5/12
  5006 | D:4      | Reached skill level 5 in Unarmed Combat
  5132 | D:4      | Learned a level 4 spell: Ice Form
  5138 | D:4      | Learned a level 5 spell: Hydra Form
  5435 | D:5      | Entered Level 5 of the Dungeon
  5529 | D:5      | Found a stormy altar of Qazlal.
  5648 | D:5      | Reached XP level 8. HP: 37/60 MP: 9/13
  6202 | D:5      | Noticed Dowan
  6235 | D:5      | Found a snail-covered altar of Cheibriados.
  6252 | D:5      | Reached skill level 5 in Transmutations
  6367 | D:5      | Found an ancient bone altar of Kikubaaqudgha.
  6387 | D:5      | Noticed Duvessa
  6464 | D:5      | HP: 3/61 [gnoll sergeant/+0 trident (13)]
  6503 | D:6      | Found a staircase to the Ecumenical Temple.
  6509 | Temple   | Entered the Ecumenical Temple
  6854 | Temple   | Became a worshipper of the Wu Jian Council
  7676 | D:3      | Bought a scroll labelled ELIR HITRETWISOKA for 20 gold
                  | pieces
  7676 | D:3      | Bought a scroll labelled COAZUEJEJA for 20 gold pieces
  7676 | D:3      | Bought a scroll labelled ZUTHEOFECU for 20 gold pieces
  7894 | D:5      | Identified the ring "Imukis" {rF++ EV+4}
  8446 | D:6      | Reached * piety under Wu Jian
  8864 | D:6      | Reached XP level 9. HP: 67/67 MP: 15/15
  9062 | D:7      | Found a runed translucent gate.
  9065 | D:7      | Noticed stringoo's ghost (novice DsFi)
  9072 | D:7      | Noticed a kobold demonologist
  9079 | D:7      | Found a runed translucent gate.
  9080 | D:7      | Found a runed translucent gate.
  9160 | D:7      | Paralysed by a hornet for 3 turns
  9163 | D:7      | HP: 3/67 [hornet (9)]
  9164 | D:7      | HP: 1/67 [poisoned by a hornet]
  9165 | D:7      | Succumbed to a hornet's poison

Illustrated notes

Levels and vault maps discovered:
D:1:      dpeg_arrival_lava_temple_mockup, layout_basic, serial_shops,
          nicolae_shop_window_shopping, shop_fountains
D:2:      kennysheep_big_flooded_room, layout_basic, serial_shops, shop,
          basic_altar
D:3:      layout_basic, fedhas_altar_1, ebering_ecumenical_altar_rust,
          serial_shops, nicolae_shop_trees
D:4:      layout_gridville, uniq_pikel
D:5:      layout_basic, slow_altar_1, kiku_gazebo_garden_becter,
          nicolae_qazlal_eye_of_the_storm, kennysheep_mini_moat, uniq_duvessa
D:6:      layout_rooms, minmay_temple_entry_wispy, grunt_ministairs_3,
          lightli_orcish_oven
D:7:      layout_gridville, overflow_temple_1_default, general_overflow_altar,
          gammafunk_ghost_nasty_kobolds, uniq_joseph
Temple:   eino_temple_lava

Skill      XL: |  1  2  3  4  5  6  7  8  9 |
---------------+----------------------------+-----
Transmutations | 2 3 4 5 6 |  6.1
Unarmed Combat | 3 4 5 6 |  6.5
Dodging        | 2 3 4 |  4.4
Fighting       | 2 3 4 |  4.5
Spellcasting   | 3 4 |  4.6

Action                   |  1- 3 |  4- 6 |  7- 9 || total
-------------------------+-------+-------+-------++-------
Melee: Unarmed           |    92 |   110 |   234 ||   436
       Kick              |    11 |    16 |       ||    27
       Headbutt          |     8 |     8 |       ||    16
       Punch             |     1 |       |       ||     1
 Cast: Beastly Appendage |    24 |    13 |       ||    37
       Spider Form       |       |     7 |    40 ||    47
Invok: Lunge             |       |       |     8 ||     8
 Abil: End Transformatio |       |       |     1 ||     1
  Use: Scroll            |     1 |     1 |    20 ||    22
 Stab: Sleeping          |     2 |     1 |     2 ||     5
       Distracted        |     1 |       |       ||     1
Armor: Robe              |    26 |    15 |    16 ||    57
       Skin              |       |     1 |    10 ||    11
Dodge: Dodged            |    71 |    66 |   257 ||   394
Block: Other             |       |       |    34 ||    34

Table legend: (Time is in decaauts)
 A = Elapsed time spent in this place.
 B = Non-inter-level travel time spent in this place.
 C = Inter-level travel time spent in this place.
 D = Time resting spent in this place.
 E = Time spent auto-exploring this place.
 F = Levels seen in this place.
 G = Mean time per level.
                   A        B        C        D        E       F      G
               +--------+--------+--------+--------+--------+-----+--------+
         Total |   9143 |   8598 |    545 |   2155 |   5215 |   8 | 1142.9 |
       Dungeon |   8450 |   7922 |    528 |   1606 |   5160 |   7 | 1207.1 |
        Temple |    692 |    675 |     17 |    549 |     55 |   1 |  692.0 |
               +--------+--------+--------+--------+--------+-----+--------+

Top non-repeatable levels by time:
     D:2: 2101 daAuts
     D:5: 1615 daAuts
     D:1: 1186 daAuts
     D:4: 1139 daAuts
     D:3: 1121 daAuts
     D:6: 1107 daAuts
  Temple: 692 daAuts
     D:7: 179 daAuts
